 Dungeon Crawl Stone Soup version 0.29.0-10-g45618ea6d2 (webtiles) character file.

Game seed: 3777962115238163209

88 jiml777 the Gusty (level 4, -2/32 HPs)
             Began as a Gnoll Air Elementalist on Sept 1, 2022.
             Slain by a black bear (4 damage)
             ... on level 3 of the Dungeon.
             The game lasted 00:13:23 (2087 turns).

jiml777 the Gusty (Gnoll Air Elementalist)          Turns: 2087, Time: 00:13:23

Health: -2/32      AC:  2    Str:  7    XL:     4   Next: 54%
Magic:  5/11       EV: 13    Int: 16    God:
Gold:   35         SH:  0    Dex: 13    Spells: 12/13 levels left

rFire   . . .      SeeInvis .   d - +0 short sword
rCold   . . .      Faith    .   (no shield)
rNeg    . . .      Spirit   .   j - +0 robe
rPois   .          Reflect  .   (no helmet)
rElec   .          Harm     .   (no cloak)
rCorr   .          Rampage  .   (no gloves)
Will    .....                   (no boots)
Stlth   +++.......              r - amulet of regeneration
HPRegen 0.90/turn               (no ring)
MPRegen 0.12/turn               (no ring)

@: very slightly contaminated
A: fangs 1, strong nose, distributed training
a: no special abilities


You were on level 3 of the Dungeon.
You visited 1 branch of the dungeon, and saw 3 of its levels.

You collected 35 gold pieces.

Inventory:

Hand Weapons
 d - a +0 short sword (weapon)
 l - a +0 sling
 o - a +0 dagger
Missiles
 a - 5 poisoned darts
 c - 16 stones
Armour
 j - a +0 robe (worn)
Jewellery
 i - an amulet of magic regeneration
 r - an amulet of regeneration (around neck)
Scrolls
 e - 4 scrolls of identify {unknown}
 g - a scroll of amnesia {unknown}
 k - a scroll of teleportation {unknown}
 q - a scroll of magic mapping {unknown}
Potions
 b - a potion of magic
 f - 2 potions of flight {unknown}
 h - 3 potions of curing {unknown}
 m - 3 potions of haste {unknown}
 n - a potion of degeneration {unknown}
 p - a potion of berserk rage {unknown}


   Skills:
 + Level 1.2 Fighting
 + Level 1.2 Short Blades
 + Level 1.2 Long Blades
 + Level 1.2 Axes
 + Level 1.2 Maces & Flails
 + Level 1.2 Polearms
 + Level 1.2 Staves
 + Level 1.2 Ranged Weapons
 + Level 1.2 Throwing
 + Level 1.2 Armour
 + Level 4.7 Dodging
 + Level 4.3 Stealth
 + Level 1.2 Shields
 + Level 1.2 Unarmed Combat
 + Level 5.1 Spellcasting
 + Level 2.3 Conjurations
 + Level 1.0 Hexes
 + Level 1.0 Summonings
 + Level 1.0 Necromancy
 + Level 1.0 Translocations
 + Level 1.0 Transmutations
 + Level 1.0 Fire Magic
 + Level 1.0 Ice Magic
 + Level 5.5 Air Magic
 + Level 1.0 Earth Magic
 + Level 1.0 Poison Magic
 + Level 1.3 Invocations
 + Level 1.2 Evocations


You had 12 spell levels left.
You knew the following spells:

 Your Spells              Type           Power      Damage    Failure   Level
a - Shock                 Conj/Air       64%        1d7       3%          1

Your spell library contained the following spells:

 Spells                   Type           Power      Damage    Failure   Level
 Static Discharge         Conj/Air       16%        3-5/arc   4%          2
 Swiftness                Air            21%        N/A       4%          3
 Magic Dart               Conj           44%        1d5       6%          1
 Foxfire                  Conj/Fire      36%        2x1d5     8%          1
 Searing Ray              Conj           22%        2d5       9%          2
 Airstrike                Air            10%        2d(2-18)  16%         4
 Fulminant Prism          Conj/Hex       4%         3d6       58%         4


Dungeon Overview and Level Annotations

Branches:
Dungeon (3/15)

Altars:

Annotations:
D:3 Grinder


Innate Abilities, Weirdness & Mutations

You have very sharp teeth.
Your uncanny sense of smell can sniff out nearby items.
Your experience applies equally to all skills.


Message History

Casting: Shock (safe; 3% risk of failure)
Confirm with . or Enter, or press ? or * to list all spells.
Aiming: Shock (safe; 3% risk of failure)
Press: ? - help, Shift-Dir - straight line The zap hits the black bear.
The black bear is lightly wounded.
The zap hits the black bear.
The black bear is moderately wounded.
The black bear bites you. The black bear misses you. The black bear claws you.
Casting: Shock (safe; 3% risk of failure)
Confirm with . or Enter, or press ? or * to list all spells.
Aiming: Shock (safe; 3% risk of failure)
Press: ? - help, Shift-Dir - straight line The zap hits the black bear.
The black bear is heavily wounded.
The zap hits the black bear.
The black bear is severely wounded.
The black bear bites you. The black bear claws you.
The black bear barely misses you.
Casting: Shock (safe; 3% risk of failure)
Confirm with . or Enter, or press ? or * to list all spells.
Aiming: Shock (safe; 3% risk of failure)
Press: ? - help, Shift-Dir - straight line The zap hits the black bear.
The black bear is almost dead.
The zap hits the black bear.
The black bear is almost dead.
The black bear bites you. The black bear claws you. x2
Casting: Shock (safe; 3% risk of failure)
Confirm with . or Enter, or press ? or * to list all spells.
Aiming: Shock (safe; 3% risk of failure)
Press: ? - help, Shift-Dir - straight line You miscast Shock.
You are very lightly contaminated with residual magic.
Nothing appears to happen.
The black bear bites you!
* * * LOW HITPOINT WARNING * * *
The black bear claws you.
* * * LOW HITPOINT WARNING * * *
The black bear claws you.
You die...

....... .... ......h
....... ....... .......
.. .......#### .#
..........# .#
.......##h### .# ......[
#.@.###.# #######
###...#.# ###...## #.
##...# #.#.###. #######
#.#..##....#.
#.<...######.##.....#...#
#.....................#..
#.....########.......###.
#.....# #...o..$...#$.


You could see a black bear.

Vanquished Creatures
  An iguana (D:3)
  An adder (D:3)
  A dart slug (D:3)
  5 orcs (D:3)
  6 endoplasms
  3 giant cockroaches (D:1)
  5 goblins
  A hobgoblin (D:1)
  3 jackals (D:2)
  3 quokkas
  5 ball pythons
  2 bats
  3 frilled lizards (D:1)
  2 kobolds
  4 rats
45 creatures vanquished.

Vanquished Creatures (others)
  A fungus (D:2)
1 creature vanquished.

Grand Total: 46 creatures vanquished

Notes
Turn   | Place    | Note
-------+----------+-------------------------------------------
     0 | D:1      | jiml777 the Gnoll Air Elementalist began the quest for the
                  | Orb.
     0 | D:1      | Reached XP level 1. HP: 13/13 MP: 6/6
   119 | D:1      | Reached XP level 2. HP: 14/19 MP: 2/7
  1170 | D:2      | Reached skill level 5 in Spellcasting
  1170 | D:2      | Reached XP level 3. HP: 25/25 MP: 5/9
  1517 | D:2      | Reached skill level 1 in Invocations
  1578 | D:2      | Found a faded altar of an unknown god.
  1586 | D:2      | Got Plato's Compendium of the Pyromaniac
  1695 | D:3      | Reached skill level 1 in Fighting
  1695 | D:3      | Reached skill level 1 in Short Blades
  1695 | D:3      | Reached skill level 1 in Long Blades
  1695 | D:3      | Reached skill level 1 in Axes
  1695 | D:3      | Reached skill level 1 in Maces & Flails
  1695 | D:3      | Reached skill level 1 in Polearms
  1695 | D:3      | Reached skill level 1 in Staves
  1695 | D:3      | Reached skill level 1 in Ranged Weapons
  1695 | D:3      | Reached skill level 1 in Throwing
  1695 | D:3      | Reached skill level 1 in Armour
  1695 | D:3      | Reached skill level 1 in Shields
  1695 | D:3      | Reached skill level 1 in Unarmed Combat
  1695 | D:3      | Reached skill level 1 in Evocations
  1696 | D:3      | Noticed Grinder
  1747 | D:3      | Reached XP level 4. HP: 31/32 MP: 6/11
  1846 | D:3      | Reached skill level 1 in Hexes
  1846 | D:3      | Reached skill level 1 in Summonings
  1846 | D:3      | Reached skill level 1 in Necromancy
  1846 | D:3      | Reached skill level 1 in Translocations
  1846 | D:3      | Reached skill level 1 in Transmutations
  1846 | D:3      | Reached skill level 1 in Fire Magic
  1846 | D:3      | Reached skill level 1 in Ice Magic
  1846 | D:3      | Reached skill level 1 in Earth Magic
  1846 | D:3      | Reached skill level 1 in Poison Magic
  2076 | D:3      | Noticed a black bear
  2087 | D:3      | Slain by a black bear

Illustrated notes

Levels and vault maps discovered:
D:1:      ebering_trefoil_3fold, layout_loops_corners
D:2:      layout_rooms, shapermc_ecumenical_altar_rom_forum, dk_vineyard_2
D:3:      layout_rooms, chequers_mini_garden, minmay_misc_feat_four_crosses,
          uniq_grinder, uniq_sigmund

Skill      XL: |  1  2  3  4 |
---------------+-------------+-----
Conjurations   | 2 |  2.3
Spellcasting   | 5 |  5.1
Invocations    | 1 |  1.3
Fighting       | 1 |  1.2
Short Blades   | 1 |  1.2
Long Blades    | 1 |  1.2
Axes           | 1 |  1.2
Maces & Flails | 1 |  1.2
Polearms       | 1 |  1.2
Staves         | 1 |  1.2
Ranged Weapons | 1 |  1.2
Throwing       | 1 |  1.2
Armour         | 1 |  1.2
Shields        | 1 |  1.2
Unarmed Combat | 1 |  1.2
Evocations     | 1 |  1.2
Hexes          | 1 |  1.0
Summonings     | 1 |  1.0
Necromancy     | 1 |  1.0
Translocations | 1 |  1.0
Transmutations | 1 |  1.0
Fire Magic     | 1 |  1.0
Ice Magic      | 1 |  1.0
Earth Magic    | 1 |  1.0
Poison Magic   | 1 |  1.0
Dodging        | |  4.7
Stealth        | |  4.3
Air Magic      | |  5.5

Action                   |  1- 3 |  4- 6 || total
-------------------------+-------+-------++-------
 Cast: Shock             |    55 |    24 ||    79
Armor: Robe              |     5 |     3 ||     8
Dodge: Dodged            |    16 |    14 ||    30
